 Dungeon Crawl Stone Soup version 0.23.2-1-ga50397a (webtiles) character file.

Game seed: 4697462656368991451

5822 teukkam the Protected (level 10, -14/93 HPs)
             Began as a Minotaur Fighter on May 28, 2019.
             Was a Priest of Qazlal.
             Demolished by Snorg (16 damage)
             ... on level 10 of the Dungeon.
             The game lasted 00:25:33 (8082 turns).

teukkam the Protected (Minotaur Fighter)            Turns: 8082, Time: 00:25:34

Health: -14/93     AC: 15    Str: 28    XL:     10   Next: 51%
Magic:  9/9        EV:  7    Int:  5    God:    Qazlal [***...]
Gold:   441        SH: 15    Dex: 11    Spells: 9/9 levels left

rFire    . . .     SeeInvis .   a - +3 spear (venom)
rCold    + . .     Gourm    .   c - +0 shield
rNeg     . . .     Faith    .   n - +2 chain mail {rC+}
rPois    .         Spirit   .   (helmet restricted)
rElec    .         Reflect  .   (no cloak)
rCorr    .         Harm     .   g - +0 pair of gloves
MR       .....                  (no boots)
Stlth    ..........             u - amulet of inaccuracy (curse)
HPRegen  0.25/turn              (no ring)
MPRegen  0.11/turn              (no ring)

@: mighty
A: retaliatory headbutt, horns 2
a: Upheaval, Elemental Force, Renounce Religion


You were on level 10 of the Dungeon.
You worshipped Qazlal.
Qazlal was most pleased with you.
You were not hungry.

You visited 1 branch of the dungeon, and saw 10 of its levels.

You collected 441 gold pieces.

Inventory:

Hand Weapons
 a - a +3 spear of venom (weapon)
 b - a +0 hunting sling
 j - a +0 hand axe of chopping
 k - a +0 hunting sling
 p - a +0 dagger of venom
 y - a +1 war axe
 A - a +3 trident of piercing
 B - a +2 dagger of holy wrath
 C - a +2 hand axe of flaming
 D - a +6 falchion
 E - a +0 hand axe of freezing
Missiles
 h - 48 sling bullets
 l - 187 stones (quivered)
Armour
 c - a +0 shield (worn)
 g - a +0 pair of gloves (worn)
 n - a +2 chain mail of cold resistance (worn)
Jewellery
 e - an uncursed amulet of harm {unknown}
 o - an uncursed ring of ice
 u - a cursed amulet of inaccuracy (around neck)
Wands
 v - a wand of acid (7)
Scrolls
 i - 2 scrolls of enchant weapon
 m - 3 scrolls of identify
 q - 4 scrolls of teleportation
 r - a scroll of amnesia
 s - 2 scrolls of immolation
Potions
 t - a potion of agility
 x - a potion of lignification
Miscellaneous
 z - a lightning rod (4/4)
Comestibles
 f - 13 rations
 F - 2 chunks of flesh


   Skills:
 + Level 10.1 Fighting
 - Level 5.3(7.5) Axes
 + Level 8.1(8.8) Polearms
 + Level 8.1 Slings
 + Level 10.1 Armour
 - Level 4.9 Shields


You had 9 spell levels left.
You didn't know any spells.
Your spell library contained the following spells:

 Spells                   Type           Power        Failure   Level  Hunger
 Sting                    Conj/Pois      #...         100%        1    ##.....
 Poisonous Vapours        Pois/Air       #.....       100%        2    ###....
 Mephitic Cloud           Conj/Pois/Air  #.......     100%        3    ####...
 Olgreb's Toxic Radiance  Pois           #.......     100%        4    #####..
 Venom Bolt               Conj/Pois      #.........   100%        5    ######.


Dungeon Overview and Level Annotations

Branches:
Dungeon (10/15)            Temple (0/1) D:6
   Lair: D:8-11         Orc: D:9-12

Altars:
Hepliaklqana
Okawaru
Qazlal

Annotations:
D:10 Snorg


Innate Abilities, Weirdness & Mutations

You reflexively headbutt those who attack you in melee.
You have a pair of horns on your head.


Message History

Snorg is heavily wounded.
Snorg bites you! You block Snorg's attack. x2
Snorg bites you! Snorg claws you but does no damage. Snorg claws you!
Snorg bites you!
* * * LOW HITPOINT WARNING * * *
You block Snorg's attack. x2
Snorg is engulfed in freezing vapours.
Snorg bites you but does no damage. Snorg claws you.
* * * LOW HITPOINT WARNING * * *
You block Snorg's attack.
It was a potion of magic.
Magic courses through your body. Snorg bites you!
* * * LOW HITPOINT WARNING * * *
Snorg claws you.
* * * LOW HITPOINT WARNING * * *
You block Snorg's attack.
You feel very mighty all of a sudden.
Snorg is no longer covered in acid.
You block Snorg's attack. x2
Snorg claws you but does no damage. You block Snorg's attack.
Snorg barely misses you. Snorg claws you!
You die...

######### .. #.......#
..####### #.......#
........#######.....$.#
........##.....@T.....#
#........####..○....#
#.....####
#.......##### #.....#
#............. #.....#
#.......###### #)††..#
#.......# #))...#
####(#### ##.#### #.# .
#..# #.#


You could see Snorg (berserk).

Vanquished Creatures
  A two-headed ogre (D:8)
  An ugly thing (D:6)
  A hornet (D:8)
  3 hippogriffs
  A steam dragon (D:9)
  A water moccasin (D:8)
  3 ice beasts
  3 orc warriors
  2 black bears
  A centaur (D:7)
  2 sky beasts
  A phantom (D:4)
  4 ogres
  A crocodile (D:8)
  2 big kobolds
  9 bullfrogs
  A scorpion (D:9)
  A howler monkey (D:7)
  3 crimson imps
  A centaur zombie (D:7)
  2 hounds
  2 jellies (D:8)
  7 orc priests
  A bullfrog skeleton (D:10)
  A quasit (D:8)
  2 centaur skeletons
  12 orc wizards
  3 iguanas
  12 worker ants
  8 adders
  5 gnolls
  2 oozes (D:2)
  An adder zombie (D:8)
  2 adder skeletons
  A worm (D:6)
  3 leopard geckos
  36 orcs
  2 ball pythons
  3 giant cockroaches
  9 goblins
  4 hobgoblins
  4 jackals
  3 quokkas
  4 bats
  3 frilled lizards
  13 kobolds
  4 rats
191 creatures vanquished.

Notes
Turn   | Place    | Note
-------+----------+-------------------------------------------
     0 | D:1      | teukkam the Minotaur Fighter began the quest for the Orb.
     0 | D:1      | Reached XP level 1. HP: 19/19 MP: 0/0
   376 | D:2      | Reached XP level 2. HP: 27/27 MP: 1/1
   507 | D:2      | Found a stormy altar of Qazlal.
   786 | D:3      | Reached XP level 3. HP: 29/33 MP: 2/2
  1052 | D:3      | Reached XP level 4. HP: 29/41 MP: 3/3
  1259 | D:4      | Reached XP level 5. HP: 10/47 MP: 4/4
  2008 | D:2      | Became a worshipper of Qazlal Stormbringer
  2409 | D:4      | Reached skill level 5 in Fighting
  2409 | D:4      | Reached skill level 5 in Armour
  2432 | D:4      | Reached skill level 1 in Slings
  2432 | D:4      | Reached XP level 6. HP: 46/56 MP: 5/5
  2940 | D:4      | Reached skill level 5 in Axes
  2940 | D:4      | Reached XP level 7. HP: 62/62 MP: 6/6
  3163 | D:5      | Entered Level 5 of the Dungeon
  3235 | D:5      | Reached * piety under Qazlal
  3331 | D:5      | Found a hazy altar of Hepliaklqana.
  3629 | D:6      | Reached skill level 1 in Polearms
  3716 | D:6      | Found a staircase to the Ecumenical Temple.
  4022 | D:6      | Found an iron altar of Okawaru.
  4116 | D:6      | Noticed a purple ugly thing
  4136 | D:6      | Killed a purple ugly thing
  4136 | D:6      | Reached XP level 8. HP: 29/73 MP: 7/7
  4916 | D:8      | Reached skill level 5 in Slings
  4938 | D:8      | Noticed a hornet
  4951 | D:8      | Killed a hornet
  4984 | D:8      | Reached XP level 9. HP: 50/81 MP: 8/8
  5077 | D:8      | Reached skill level 5 in Polearms
  5466 | D:8      | Reached ** piety under Qazlal
  6122 | D:8      | Noticed a two-headed ogre
  6148 | D:8      | Killed a two-headed ogre
  6628 | D:7      | Reached XP level 10. HP: 76/91 MP: 9/9
  6985 | D:7      | Reached *** piety under Qazlal
  7654 | D:9      | Reached skill level 10 in Armour
  7665 | D:9      | Reached skill level 10 in Fighting
  7812 | D:10     | Entered Level 10 of the Dungeon
  8056 | D:10     | Noticed Snorg
  8081 | D:10     | HP: 2/93 [Snorg (4)]
  8082 | D:10     | Demolished by Snorg

Skill      XL: |  1  2  3  4  5  6  7  8  9 10 |
---------------+-------------------------------+-----
Fighting       | 4 5 7 9 10 | 10.1
Axes           | 3 4 5 |  5.3
Armour         | 4 5 7 8 9 10 | 10.1
Shields        | 4 |  4.9
Slings         | 1 2 4 5 7 8 |  8.1
Polearms       | 3 4 7 8 |  8.1

Action                   |  1- 3 |  4- 6 |  7- 9 | 10-12 || total
-------------------------+-------+-------+-------+-------++-------
Melee: War axe           |    63 |    65 |       |       ||   128
       Headbutt          |     7 |    10 |    34 |    28 ||    79
       Hand axe          |       |    40 |    22 |       ||    62
       Spear             |       |       |   245 |   160 ||   405
 Fire: Hunting sling     |       |    14 |    56 |    66 ||   136
Throw: Stone             |       |       |       |     1 ||     1
Evoke: Wand              |       |       |       |     3 ||     3
  Use: Potion            |     1 |     2 |     8 |     2 ||    13
       Scroll            |     2 |     6 |     3 |     2 ||    13
  Eat: Chunk             |       |     4 |     7 |     2 ||    13
       Ration            |       |     1 |     1 |     1 ||     3
Armor: Scale mail        |    24 |    54 |    20 |       ||    98
       Chain mail        |       |       |   104 |    83 ||   187
       Skin              |       |       |     5 |       ||     5
Dodge: Dodged            |    12 |    46 |    62 |    32 ||   152
Block: Shield            |    28 |    76 |   156 |   111 ||   371
